 Dungeon Crawl Stone Soup version 0.30.1-11-g7821555f0a (webtiles) character file.

Game seed: 2528098408226611452

113 jagang the Trooper (level 4, -1/38 HPs)
             Began as a Demonspawn Berserker on Dec 13, 2023.
             Was a Believer of Trog.
             Killed from afar by Natasha (6 damage)
             ... with a magic dart
             ... on level 2 of the Dungeon.
             The game lasted 00:02:56 (1530 turns).

jagang the Trooper (Demonspawn Berserker)           Turns: 1530, Time: 00:02:57

Health: -1/38      AC:  8    Str: 20    XL:     4   Next: 65%
Magic:  4/4        EV: 11    Int:  8    God:    Trog [**....]
Gold:   110        SH:  0    Dex: 12    Spells: 3/3 levels left

rFire   . . .        a - +0 mace
rCold   . . .        (no shield)
rNeg    . . .        c - +0 ring mail
rPois   .            e - +0 helmet
rElec   .            (no cloak)
rCorr   .            (no gloves)
SInv    .            (no boots)
Will    .....        (no amulet)
Stlth   +            (no ring)
HPRegen 0.26/turn    (no ring)
MPRegen 0.18/turn

%: no passive effects
@: slowed, very slow
A: hooves 1, slimy green scales 1, magic regeneration
a: Renounce Religion, Berserk, Trog's Hand


You were on level 2 of the Dungeon.
You worshipped Trog.
Trog was pleased with you.
You visited 1 branch of the dungeon, and saw 3 of its levels.

You collected 110 gold pieces.

Inventory:

Hand Weapons
 a - a +0 mace (weapon)
 d - a +0 hand axe
Missiles
 b - 2 javelins (quivered)
Armour
 c - a +0 ring mail (worn)
 e - a +0 helmet (worn)
Jewellery
 g - a +5 ring of evasion
Scrolls
 f - a scroll of teleportation


   Skills:
 * Level 4.4 Fighting
 - Level 2.6 Maces & Flails
 + Level 2.6 Armour
 + Level 2.6 Dodging


You had 3 spell levels left.
You didn't know any spells.
Your spell library was empty.

Dungeon Overview and Level Annotations

Branches:
Dungeon (3/15)

Altars:

Annotations:
D:2 Natasha


Innate Abilities, Weirdness & Mutations

You have large cloven feet.
You are partially covered in slimy green scales. (AC +2)
You regenerate magic rapidly.


Message History

Natasha casts a spell at you.
The magic dart hits you but does no damage.
You climb upwards.
There is a stone staircase leading down here.
You sock the gnoll!
You kill the gnoll!
Trog accepts your kill.
Natasha stares at you and mumbles some strange words.
The magic dart hits you!
You hit Natasha.
Natasha is lightly wounded.
Natasha claws you.
* * * LOW HITPOINT WARNING * * *
You barely miss Natasha.
Natasha is lightly wounded.
Natasha wildly gestures.
Natasha shimmers violently.
Natasha claws you but does no damage. Natasha barely misses you.
You sock Natasha!
Natasha is severely wounded.
Natasha closely misses you.
You closely miss Natasha.
Natasha is severely wounded.
Natasha closely misses you.
You closely miss Natasha.
Natasha is severely wounded.
Natasha barely misses you.
You barely miss Natasha.
Natasha is severely wounded.
Natasha casts a spell at you.
You feel yourself slow down. Natasha closely misses you.
You closely miss Natasha. Your kick misses Natasha.
Natasha is severely wounded.
Natasha claws you.
* * * LOW HITPOINT WARNING * * *
You hit Natasha.
Natasha is almost dead.
Natasha casts a spell at you. The magic dart hits you.
You die...

## ########
.####......#######
................@#
.####......###.)h..#
.# ##.............#
.# #.#...........#
.#####.#...(.......#
.......#...........#
...................#
...................#
.............#...#


You could see Natasha.

Vanquished Creatures
  An orc wizard (D:2)
  A gnoll (D:2)
  2 adders (D:3)
  3 dart slugs (D:1)
  4 orcs (D:2)
  3 ball pythons
  6 endoplasms
  7 giant cockroaches
  8 goblins
  3 hobgoblins
  8 bats
  A frilled lizard (D:1)
  3 kobolds
  A rat (D:2)
51 creatures vanquished.

Notes
Turn   | Place    | Note
-------+----------+-------------------------------------------
     0 | D:1      | jagang the Demonspawn Berserker began the quest for the
                  | Orb.
     0 | D:1      | Reached XP level 1. HP: 18/18 MP: 1/1
   168 | D:1      | Gained mutation: You are partially covered in slimy green
                  | scales. (AC +2) [demonic ancestry]
   168 | D:1      | Reached XP level 2. HP: 18/24 MP: 2/2
  1058 | D:2      | Gained mutation: You regenerate magic rapidly. [demonic
                  | ancestry]
  1058 | D:2      | Reached XP level 3. HP: 28/30 MP: 3/3
  1143 | D:2      | Reached ** piety under Trog
  1316 | D:2      | Reached skill level 4 in Fighting
  1316 | D:2      | Gained mutation: You have large cloven feet. [demonic
                  | ancestry]
  1316 | D:2      | Reached XP level 4. HP: 22/37 MP: 4/4
  1459 | D:2      | You fall into a shaft and drop 1 floor!
  1506 | D:3      | Noticed Natasha
  1530 | D:2      | Killed from afar by Natasha

Illustrated notes

Levels and vault maps discovered:
D:1:      dpeg_arrival_rhombus, layout_loops_corners, minmay_small_reverse_x
D:2:      layout_basic, minmay_worlds_worst_comb
D:3:      layout_rooms, uniq_natasha

Skill      XL: |  1  2  3 |
---------------+----------+-----
Armour         | 2 |  2.6
Dodging        | 2 |  2.6
Fighting       | 4 |  4.4
Maces & Flails | |  2.6

Action                     |  1- 3 |  4- 6 || total
---------------------------+-------+-------++-------
  Melee: Mace              |   146 |    46 ||   192
         Punch             |     1 |       ||     1
         Kick              |       |     6 ||     6
 Invoke: Berserk           |       |     1 ||     1
    Use: Scroll            |     2 |       ||     2
 Armour: Ring mail         |    71 |    28 ||    99
         Animal skin       |     1 |       ||     1
  Dodge: Dodged            |    95 |    45 ||   140
